 Dungeon Crawl Stone Soup version 0.29-a0-872-g797fff5ad1 (webtiles) character file.

Game seed: 17476410500131192005

11 PentaManta the Ruffian (level 2, 29/29 HPs)
             Began as a Troll Abyssal Knight on July 18, 2022.
             Was a Believer of Lugonu.
             Got out of the dungeon alive.
             The game lasted 00:00:35 (190 turns).

PentaManta the Ruffian (Troll Abyssal Knight)        Turns: 190, Time: 00:00:36

Health: 29/29      AC:  4    Str: 20    XL:     2   Next: 13%
Magic:  2/2        EV: 10    Int:  6    God:    Lugonu [**....]
Gold:   28         SH:  0    Dex: 10    Spells: 1/1 levels left

rFire   . . .      SeeInvis .     - Unarmed
rCold   . . .      Faith    .   (no shield)
rNeg    . . .      Spirit   .   a - +0 robe
rPois   .          Reflect  .   (helmet restricted)
rElec   .          Harm     .   (no cloak)
rCorr   .          Rampage  .   (gloves unavailable)
Will    .....                   (boots unavailable)
Stlth   +.........              (no amulet)
HPRegen 0.89/turn               (no ring)
MPRegen 0.08/turn               (no ring)

@: no status effects
A: large, unfitting armour, claws 3, regeneration 1, shaggy fur 1, tough skin 1
a: Renounce Religion, Depart the Abyss, Bend Space


You escaped.
You worshipped Lugonu.
Lugonu was pleased with you.
You visited 1 branch of the dungeon, and saw 1 of its levels.
You visited the Abyss 1 time.

You collected 28 gold pieces.

Inventory:

Armour
 a - a +0 robe (worn)
Scrolls
 b - a scroll of amnesia {unknown}


   Skills:
 - Level 2.4 Fighting
 - Level 1.9 Dodging
 + Level 2.9 Unarmed Combat
 - Level 1.5 Invocations


You had one spell level left.
You didn't know any spells.
Your spell library was empty.

Dungeon Overview and Level Annotations

Branches:
Dungeon (1/15)

Altars:


Innate Abilities, Weirdness & Mutations

You are too large for most types of armour.
You have claws for hands.
Your natural rate of healing is unusually fast.
You are covered in fur. (AC +1)
You have tough skin. (AC +1)


Message History

An endoplasm comes into view.
A kobold comes into view. It is wielding a +0 whip.
The kobold shouts!
The kobold throws a stone.
The stone hits you.
Found a ring mail.
The endoplasm quivers.
The kobold throws a stone.
The stone hits you but does no damage.
You closely miss the kobold. The kobold misses you.
You claw the kobold!
You kill the kobold!
Lugonu accepts your kill.
You have reached level 2!
The kobold throws a stone.
The stone closely misses you.
You claw the endoplasm!
You kill the endoplasm!
Lugonu accepts your kill.
The kobold throws a stone.
The stone barely misses you.
The kobold throws a stone.
The stone barely misses you. The kobold hits you with a +0 whip.
You closely miss the kobold. The kobold hits you but does no damage.
You scratch the kobold.
The kobold is moderately wounded.
You barely miss the kobold.
The kobold is moderately wounded.
The kobold hits you but does no damage.
You closely miss the kobold.
The kobold is moderately wounded.
The kobold barely misses you.
You claw the kobold!
You kill the kobold!
Lugonu accepts your kill.
No target in view!
No target in view!
No target in view!
No target in view!
You see here a +0 ring mail.
There is an open door here.
There is a staircase leading out of the dungeon here.
Are you sure you want to leave the Dungeon?
This will make you lose the game!
You have escaped!

#.......###.......
#.#####...........
######.#########.......
##≈≈≈≈#'#≈≈≈○##
#...[...
#≈≈≈≈≈#.#≈≈÷≈≈#
#.#+###.
#≈≈≈≈≈#.#≈≈≈≈≈# ..# #
#≈≈#≈≈#.#≈≈#÷≈##.##
#≈≈☼≈≈#.#≈≈≈≈≈##.
#≈≈≈≈≈#@#≈≈≈≈≈###
#≈≈≈≈≈#.#≈≈≈≈≈# #≈≈≈≈
#.# ≈≈≈≈#
#≈≈#≈○#.#≈°#≈≈# #≈≈
○≈#.#≈≈ ≈≈# ≈≈≈#+#≈≈≈
#### ####


There were no monsters in sight!

Vanquished Creatures
  A ball python (D:1)
  A bat (D:1)
  An endoplasm (D:1)
  A goblin (D:1)
  A hobgoblin (D:1)
  2 kobolds (D:1)
  A quokka (D:1)
8 creatures vanquished.

Notes
Turn   | Place    | Note
-------+----------+-------------------------------------------
     0 | Abyss:1  | PentaManta the Troll Abyssal Knight began the quest for the
                  | Orb.
     0 | Abyss:1  | Reached XP level 1. HP: 22/22 MP: 1/1
     5 | D:1      | Escaped the Abyss
   148 | D:1      | Reached XP level 2. HP: 29/29 MP: 2/2
   190 | D:$      | Got out of the dungeon alive.

Illustrated notes

Levels and vault maps discovered:
D:1:      saegor_arrival_miasma, layout_basic

Action                   || total
-------------------------++-------
Melee: Unarmed           ||    23
Armor: Robe              ||     7
Dodge: Dodged            ||    12

Table legend: (Time is in decaauts)
 A = Elapsed time spent in this place.
 B = Non-inter-level travel time spent in this place.
 C = Inter-level travel time spent in this place.
 D = Time resting spent in this place.
 E = Time spent auto-exploring this place.
 F = Levels seen in this place.
 G = Mean time per level.
                   A        B        C        D        E       F      G
               +--------+--------+--------+--------+--------+-----+--------+
         Total |    188 |    156 |     32 |      0 |     96 |   2 |   94.0 |
       Dungeon |    183 |    151 |     32 |      0 |     96 |   1 |  183.0 |
         Abyss |      5 |      5 |      0 |      0 |      0 |   1 |    5.0 |
               +--------+--------+--------+--------+--------+-----+--------+

Top non-repeatable levels by time:
     D:1: 183 daAuts
 Abyss:1: 5 daAuts
